Map: Blueshift LE

Players

DnS

  • Race: Protoss Protoss
  • Spawn Location: 1:00

ShoWTimE - Winner!

  • Race: Protoss Protoss
  • Spawn Location: 7:00

Event: WCS Montreal 2018

VOD

Have the link to the VOD?

Description

Time

  • Played on: Sept. 8, 2018, 12:41 p.m.
  • Length: 12:29

All games in this series

Show
View Real Time Build Order
Export as new Build Order

DnS Protoss 

Build Orders: Oracle Opening 

Get SALT Encoding   

  12  0:00  Probe  
  13  0:12  Probe  
  14  0:17  Pylon  
  14  0:23  Probe  
  15  0:32  Probe  
  15  0:37  Gateway  
  15  0:40  Probe  
  16  0:46  Assimilator  
  17  0:50  Probe  
  17  0:54  Assimilator  
  18  0:58  Probe  
  19  1:07  Probe  
  19  1:08  Gateway  
  20  1:17  Probe  
  20  1:25  Cybernetics Core  
  21  1:29  Probe  
  22  1:36  Pylon  
  22  1:41  Probe  
  23  1:54  Warp Gate, Probe  
  24  2:01  Stalker x2  
  28  2:13  Pylon  
  28  2:27  Stargate  
  28  2:33  Adept  
  28  2:35  Adept  
  32  3:00  Oracle  
  32  3:01  Nexus  
  35  3:17  Shield Battery  
  35  3:21  Probe  
  36  3:37  Pylon  
  36  3:38  Shield Battery  
  36  3:39  Shield Battery  
  34  3:45  Oracle  
  35  3:57  Stalker  
  35  3:59  Stalker  
  39  4:17  Pylon  
  39  4:33  Void Ray  
  39  4:35  Pylon, Sentry  
  45  4:51  Shield Battery  
  45  4:54  Pylon x2, Stalker  
  47  5:06  Void Ray  
  49  5:22  Stalker  
  49  5:27  Gateway  
  51  5:45  Stalker  
  49  5:52  Void Ray  
  49  5:56  Shield Battery  
  53  5:57  Shield Battery  
  53  5:59  Pylon  
  53  6:09  Sentry  
  55  6:25  Gateway, Void Ray  
  53  6:30  Gateway  
  57  6:46  Pylon  
  57  6:48  Stalker  
  59  7:07  Probe  
  60  7:21  Stalker  
  62  7:28  Pylon, Adept x2  
  67  7:30  Probe  
  65  7:53  Stalker x3  
  71  8:16  Adept x3  
  77  8:30  Nexus  
  77  8:40  Sentry  
  79  8:44  Pylon  
  79  9:02  Twilight Council  
  79  9:06  Sentry x2  
  83  9:13  Probe  
  84  9:17  Pylon  
  84  9:26  Probe  
  85  9:35  Stalker  
  82  9:44  Adept  
  76  10:04  Probe x2  
  78  10:15  Resonating Glaives  
  78  10:19  Probe  
  78  10:20  Probe  
  80  10:35  Probe x2  
  82  10:43  Probe x2  
  84  10:53  Probe x2  
  83  11:05  Probe x2  
  83  11:11  Gateway  
  85  11:12  Gateway  
  85  11:15  Sentry  
  85  11:17  Sentry  
  89  11:29  Adept  
  91  11:39  Gateway  
  91  11:44  Adept  
  91  11:45  Adept  
  92  11:50  Adept  
Show
View Real Time Build Order
Export as new Build Order

ShoWTimE Protoss - Winner!

Build Orders:  

Get SALT Encoding   

  12  0:00  Probe  
  13  0:12  Probe  
  14  0:17  Pylon  
  14  0:24  Probe  
  15  0:32  Probe  
  15  0:36  Gateway  
  15  0:40  Probe  
  16  0:45  Assimilator  
  17  0:50  Probe  
  17  0:53  Assimilator  
  18  0:58  Probe  
  19  1:06  Probe  
  20  1:13  Gateway  
  20  1:17  Probe  
  20  1:23  Cybernetics Core  
  21  1:29  Probe  
  22  1:35  Pylon  
  22  1:41  Probe  
  23  1:50  Warp Gate  
  23  1:53  Probe  
  24  1:59  Stalker x2  
  28  2:10  Pylon  
  28  2:30  Stalker x2  
  32  2:38  Robotics Facility  
  32  2:48  Gateway  
  32  3:01  Stalker  
  32  3:02  Stalker  
  36  3:15  Pylon  
  36  3:20  Warp Prism  
  36  3:30  Shield Battery  
  38  3:47  Shield Battery  
  38  3:55  Stalker  
  40  3:56  Stalker  
  40  3:57  Stalker  
  40  3:59  Observer  
  45  4:03  Pylon  
  44  4:22  Sentry  
  44  4:23  Stalker x2  
  50  4:30  Pylon  
  50  4:49  Stalker x2  
  50  4:52  Stalker  
  56  4:58  Pylon  
  56  5:06  Probe  
  54  5:18  Probe  
  55  5:25  Sentry x2  
  59  5:30  Probe  
  59  5:32  Stalker  
  62  5:36  Observer  
  62  5:42  Probe  
  59  5:54  Probe  
  60  6:07  Probe  
  61  6:15  Stalker x3  
  67  6:19  Probe  
  67  6:21  Pylon  
  68  6:31  Probe  
  69  6:46  Twilight Council  
  67  6:51  Nexus  
  67  6:53  Sentry  
  69  6:56  Probe  
  69  7:05  Resonating Glaives  
  68  7:08  Adept x2, Probe  
  73  7:18  Pylon  
  73  7:31  Adept  
  73  7:32  Adept  
  77  7:38  Adept  
  79  7:51  Stalker  
  79  7:55  Stalker  
  81  8:00  Stalker  
  81  8:03  Observer  
  79  8:13  Nexus  
  79  8:27  Adept x3  
  83  8:51  Pylon  
  83  8:53  Pylon  
  83  9:10  Adept x2  
  83  9:14  Sentry  
  89  9:34  Adept x2  
  93  9:44  Adept  
  94  10:00  Pylon  
  94  10:01  Adept x2  
  94  10:06  Pylon  
  98  10:08  Probe x2  
  100  10:16  Adept  
  100  10:20  Probe  
  104  10:25  Dark Shrine  
  103  10:35  Adept x2  
  105  10:39  Adept  
  109  11:01  Observer  
  109  11:04  Gateway  
  109  11:05  Gateway  
  109  11:08  Adept x2  
  109  11:09  Adept  
  115  11:18  Pylon  
  115  11:38  Dark Templar x2  
  119  11:41  Dark Templar  
Tags
 
Add a new tag
Caveats
  • Supply blocks, unpowered buildings, or Contaminate may cause inaccurate times.
  • Supply counts are checked every 10 seconds.